 Dungeon Crawl Stone Soup version 0.31-a0-174-g85c54bcb58 (webtiles) character file.

Game seed: 3614894964265160394

51 qw the Chopper (level 3, -2/23 HPs)
             Began as a Gargoyle Fighter on June 15, 2023.
             Slain by Robin
             ... wielding a +0 spear
              (5 damage)
             ... on level 2 of the Dungeon.
             The game lasted 00:00:41 (1013 turns).

qw the Chopper (Gargoyle Fighter)                   Turns: 1013, Time: 00:00:42

Health: -2/23      AC:  0    Str: 21    XL:     3   Next: 83%
Magic:  3/3        EV: 13    Int:  8    God:
Gold:   59         SH:  0    Dex:  9    Spells: 2/2 levels left

rFire   . . .        Y - melded +0 war axe
rCold   . . .        c - melded +0 buckler
rNeg    + . .        f - melded +3 chain mail
rPois   inf          (helmet currently unavailable)
rElec   .            (cloak currently unavailable)
rCorr   .            (gloves currently unavailable)
SInv    .            (boots currently unavailable)
Will    .....        (no amulet)
Stlth   +            (ring currently unavailable)
HPRegen 0.23/turn    (ring currently unavailable)
MPRegen 0.08/turn

%: no passive effects
@: pig-form (expiring), very quick
A: fast, no casting, sickness immunity, AC +3, small, negative energy resistance
1, (electricity resistance), torment resistance 1, petrification resistance
a: no special abilities


You were on level 2 of the Dungeon.
You were a filthy swine.
You visited 1 branch of the dungeon, and saw 2 of its levels.

You collected 59 gold pieces.


Innate Abilities, Weirdness & Mutations

You are a filthy swine.
You move quickly.
Your equipment is almost entirely melded.
You are incapable of wielding weapons or throwing items.
You cannot cast spells.
You are immune to sickness and miasma.
((Your stone body is resilient. (AC +3)))
You are immune to poison.
You resist negative energy. (rN+)
((You are resistant to electric shocks. (rElec)))
You are resistant to unholy torment.
You are immune to petrification.


   Skills:
 - Level 3.2 Fighting
 + Level 3.6 Axes
 - Level 3.2 Armour
 - Level 3.2 Shields


You had 2 spell levels left.
You didn't know any spells.
Your spell library was empty.

Inventory:

Hand Weapons
 g - a +0 club
 Y - a +0 war axe (melded)
Armour
 c - a +0 buckler (melded)
 f - a +3 chain mail (melded)
Potions
 d - a potion of might
 e - a potion of magic {unknown}
 h - a potion of degeneration {unknown}
 k - a potion of curing

Dungeon Overview and Level Annotations

Branches:
Dungeon (2/15)

Altars:

Annotations:
D:2 Robin


Message History

Robin hits you but does no damage.
You hit the hobgoblin.
You kill the hobgoblin!
Robin hits you but does no damage.
Robin zaps a wand.
You turn into a filthy swine.
Your +0 war axe melds into your body.
Your +0 buckler melds into your body.
Your +3 chain mail melds into your body.
You hit Robin but do no damage. Robin hits you with a +0 spear.
You barely miss Robin. Robin hits you with a +0 spear.
You hit Robin but do no damage. Robin hits you with a +0 spear.
You barely miss Robin. Robin hits you with a +0 spear.
You hit Robin but do no damage. Robin closely misses you.
You hit Robin but do no damage. Robin hits you with a +0 spear.
You barely miss Robin. Robin hits you with a +0 spear.
You hit Robin.
Robin is lightly wounded.
Robin closely misses you.
You hit Robin.
Robin is moderately wounded.
Robin misses you.
You hit Robin.
Robin is moderately wounded.
Robin hits you with a +0 spear.
You hit Robin but do no damage.
Robin is moderately wounded.
Robin says, "My army is invincible!"
Robin hits you with a +0 spear.
You hit Robin but do no damage.
Robin is moderately wounded.
Your transformation is almost over.
Robin says, "My goblins will feast on your bones."
Robin hits you with a +0 spear.
You die...

.# .# .# ..
.# # .#
#..##.###)#
#.....gh<)#
##....#####
#.##


You could see Robin.

Vanquished Creatures
  A gnoll (D:1)
  A dart slug (D:1)
  8 ball pythons (D:1)
  3 giant cockroaches (D:1)
  11 goblins
  3 hobgoblins (D:2)
  3 kobolds
  A quokka (D:1)
  2 bats (D:1)
  4 frilled lizards (D:1)
  3 rats (D:1)
40 creatures vanquished.

Notes
Turn   | Place    | Note
-------+----------+-------------------------------------------
     0 | D:1      | qw the Gargoyle Fighter began the quest for the Orb.
     0 | D:1      | Reached XP level 1. HP: 14/14 MP: 1/1
     0 | D:1      | 0 ||| qw: Version: 0.2-a-29-g511e9b1
     0 | D:1      | 0 ||| qw: Game counter: 5545
     0 | D:1      | 0 ||| qw: Always use a shield: true
     0 | D:1      | 0 ||| qw: God list: Okawaru
     0 | D:1      | 0 ||| qw: Allow faded altars: false
     0 | D:1      | 0 ||| qw: Do Orc after D:15 true
     0 | D:1      | 0 ||| qw: Do second Lair branch before Depths: true
     0 | D:1      | 0 ||| qw: Lair rune preference: random
     0 | D:1      | 0 ||| qw: Plans: Normal, Zot:1-4, Slime:5, God:TSO, Crypt,
                  | Tomb, Abyss, Pan, Hells, Win
     0 | D:1      | 0 ||| PLANNING D:1-11
   158 | D:1      | Reached XP level 2. HP: 19/19 MP: 2/2
   197 | D:1      | 197 ||| Stepping ~*~*~tactically~*~*~ (stealth).
   202 | D:1      | 202 ||| Stepping ~*~*~tactically~*~*~ (stealth).
   209 | D:1      | 209 ||| Stepping ~*~*~tactically~*~*~ (stealth).
   241 | D:1      | Reached skill level 3 in Axes
   308 | D:1      | 308 ||| Stepping ~*~*~tactically~*~*~ (stealth).
   312 | D:1      | 312 ||| Stepping ~*~*~tactically~*~*~ (stealth).
   320 | D:1      | Reached XP level 3. HP: 22/23 MP: 3/3
   844 | D:1      | 844 ||| UPGRADING to +3 chain mail.
   854 | D:1      | 854 ||| DROPPING +0 scale mail.
   855 | D:1      | 855 ||| READING scroll labelled ZYEWORAOMP.
   856 | D:1      | 856 ||| READING scroll labelled NITEEV NOT.
   871 | D:1      | 871 ||| DRINKING 2 bubbling puce potions.
   901 | D:2      | Noticed Robin
   944 | D:2      | 944 ||| STAIRDANCE
  1011 | D:2      | HP: 5/23 [Robin/+0 spear (2)]
  1012 | D:2      | HP: 2/23 [Robin/+0 spear (3)]
  1013 | D:2      | Slain by Robin

Levels and vault maps discovered:
D:1:      minmay_arrival_glassed_features, layout_basic, minmay_pentomino_s4
D:2:      layout_loops_ring, uniq_sigmund, uniq_robin, uniq_natasha,
          uniq_terence

Skill      XL: |  1  2 |
---------------+-------+-----
Axes           | 2 3 |  3.6
Fighting       | |  3.2
Armour         | |  3.2
Shields        | |  3.2

Action                     || total
---------------------------++-------
  Melee: War axe           ||    99
         Unarmed           ||    12
    Use: Scroll            ||     2
         Potion            ||     1
 Armour: Scale mail        ||    24
         Skin              ||    47
         Chain mail        ||     5
  Dodge: Dodged            ||    42
  Block: Buckler           ||    22

Table legend:
 A = Non-vault XP
 B = Vault XP
 C = Vault XP percentage of total XP
 D = Non-vault monster count
 E = Vault monster count
 F = Vault count percentage of total count
                 A         B        C        D         E       F
            +---------+---------+-------+---------+---------+-------
      Total |      39 |      35 |  47.3 |      26 |      14 |  35.0
            +---------+---------+-------+---------+---------+-------
        D:1 |      37 |      18 |  32.7 |      25 |       4 |  13.8
        D:2 |       2 |      17 |  89.5 |       1 |      10 |  90.9
            +---------+---------+-------+---------+---------+-------
